 Dungeon Crawl Stone Soup version 0.31.0-11-ge490571c62 (webtiles) character file.

Game seed: 10969294897508086854

39170 ezpacito the Cleaver (level 13, -3/104 HPs)
             Began as a Demonspawn Berserker on Jan 29, 2024.
             Was a High Priest of Trog.
             Slain by a boulder beetle (13 damage)
             ... on level 14 of the Dungeon.
             The game lasted 00:30:10 (13476 turns).

ezpacito the Cleaver (Demonspawn Berserker)        Turns: 13476, Time: 00:30:11

Health: -3/104     AC: 17    Str: 19    XL:     13   Next: 67%
Magic:  4/4        EV: 21    Int: 10    God:    Trog [*****.]
Gold:   821        SH:  0    Dex: 21    Spells: 12/12 levels left

rFire   . . .        u - +8 battleaxe (antimagic)
rCold   . . .        (shield currently unavailable)
rNeg    . . .        N - +2 acid dragon scales
rPois   +            l - +1 hat
rElec   .            E - +2 cloak {rPois}
rCorr   +            w - +2 pair of gloves {Dex+3}
SInv    .            (no boots)
Will    .....        J - amulet of regeneration
Stlth   +++          k - +5 ring of evasion
HPRegen 1.17/turn    v - +4 ring of slaying
MPRegen 0.09/turn

%: no passive effects
@: confused, ambrosia-drunk, on berserk cooldown, slowed, studying Fighting,
very slow
A: horns 2, thin skeletal structure 2, foul stench 2, powered by death 1
a: Renounce Religion, Berserk, Trog's Hand, Brothers in Arms


You were on level 14 of the Dungeon.
You worshipped Trog.
Trog was extremely pleased with you.
You visited 2 branches of the dungeon, and saw 15 of its levels.
You also visited: Bailey.

You collected 917 gold pieces.
You spent 96 gold pieces at shops.

Inventory:

Hand Weapons
 c - a +3 battleaxe of draining
 r - a +1 scimitar of flaming
 u - a +8 antimagic battleaxe (weapon)
 M - a +5 broad axe of draining
Missiles
 e - 125 stones (quivered)
 j - 50 poisoned darts
 t - 6 boomerangs
 A - a throwing net
 H - 9 javelins
Armour
 g - a +2 plate armour of willpower
 l - a +1 hat (worn)
 w - a +2 pair of gloves of dexterity (worn)
 E - a +2 cloak of poison resistance (worn)
 N - +2 acid dragon scales (worn)
Jewellery
 a - a ring of positive energy
 f - a ring of positive energy
 k - a +5 ring of evasion (left hand)
 n - a ring of resist corrosion
 p - a +5 ring of evasion
 v - a +4 ring of slaying (right hand)
 y - a ring of see invisible
 I - a ring of willpower
 J - an amulet of regeneration (around neck)
 V - a ring of protection from cold
Talismans
 d - a talisman of death
 z - a serpent talisman
 R - a flux talisman
 S - a blade talisman
Wands
 D - a wand of light (7)
 L - a wand of charming (16)
 U - a wand of roots (9)
 X - a wand of digging (16)
Scrolls
 b - 9 scrolls of teleportation
 m - 2 scrolls of identify
 q - 2 scrolls of fear
 s - a scroll of poison
 x - a scroll of immolation
Potions
 h - 4 potions of mutation
 i - a potion of haste
 o - a potion of might
 B - 2 potions of enlightenment
 F - 3 potions of ambrosia


   Skills:
 * Level 10.5 Fighting
 * Level 13.1 Axes
 + Level 5.8 Throwing
 * Level 8.1 Armour
 * Level 6.5 Dodging
 * Level 7.0 Stealth
 * Level 6.3 Unarmed Combat
 * Level 5.4 Evocations
 * Level 4.3 Shapeshifting


You had 12 spell levels left.
You didn't know any spells.
Your spell library contained the following spells:

 Spells                   Type           Power      Damage    Failure   Level
 Sandblast                Erth           0%         2d4       43%         1
 Shock                    Conj/Air       0%         1d3       43%         1
 Slow                     Hex            0%         N/A       43%         1
 Summon Small Mammal      Summ           0%         N/A       43%         1
 Scorch                   Fire           0%         2d5       58%         2
 Static Discharge         Conj/Air       0%         3-3/arc   58%         2
 Call Canine Familiar     Summ           0%         N/A       82%         3
 Confusing Touch          Hex            0%         N/A       82%         3
 Inner Flame              Hex/Fire       0%         N/A       82%         3
 Passwall                 Erth           0%         N/A       82%         3
 Sigil of Binding         Hex            0%         N/A       82%         3
 Stone Arrow              Conj/Erth      0%         3d7       82%         3
 Swiftness                Air            0%         N/A       82%         3
 Vampiric Draining        Necr           0%         2d6       82%         3
 Airstrike                Air            0%         2d(0-16)  99%         4
 Brom's Barrelling Bould  Conj/Erth      0%         2d3       99%         4
 Dimensional Bullseye     Hex/Tloc       0%         N/A       99%         4
 Flame Wave               Conj/Fire      0%         2d4       99%         4
 Martyr's Knell           Necr/Summ      0%         N/A       99%         4
 Sticky Flame             Fire/Alch      0%         2d4       99%         4
 Summon Blazeheart Golem  Fire/Summ      0%         N/A       99%         4
 Summon Lightning Spire   Summ/Air       0%         N/A       99%         4
 Summon Mana Viper        Hex/Summ       0%         N/A       100%        5
 Summon Cactus Giant      Summ           0%         N/A       100%        6


Dungeon Overview and Level Annotations

Branches:
Dungeon (14/15)            Temple (1/1) D:6            Lair (0/5) D:9
    Orc (0/2) D:12         Vaults (0/5) D:13         Bailey (visited)

Altars:
Ashenzari
Cheibriados
Dithmenos
Fedhas
Gozag
Hepliaklqana
Kikubaaqudgha
Makhleb
Nemelex Xobeh
Okawaru
Qazlal
Ru
Sif Muna
Trog
Uskayaw
Vehumet
Wu Jian
Xom
Yredelemnul

Shops:
D:1 =   D:12 *   D:13 *


Innate Abilities, Weirdness & Mutations

You have a pair of horns on your head.
You have a moderately thin skeletal structure. (Dex +4, Stealth++)
You sometimes emit foul miasma when damaged in melee.
You regenerate a little health from kills.


Message History

You slash the tengu conjurer!
The tengu conjurer's magic leaks into the air.
The tengu conjurer is moderately wounded.
You slice the fire elemental!! You hit the vampire mosquito.
The vampire mosquito bites you.
The vampire mosquito draws strength from your injuries!
The fire elemental hits you. The fire elemental burns you!
The vampire mosquito misses you.
The fire elemental completely misses you.
You hit the boulder beetle.
You headbutt the boulder beetle, but do no damage.
The boulder beetle is severely wounded.
You hit the fire elemental. You hit the vampire mosquito.
The eight-headed hydra seems to regain its courage.
The vampire mosquito completely misses you.
The fire elemental barely misses you.
The vampire mosquito completely misses you.
The vampire mosquito misses you. The fire elemental barely misses you.
The boulder beetle bites you but does no damage.
You completely miss the boulder beetle.
The boulder beetle is severely wounded.
You slash the fire elemental!
You destroy the fire elemental!
The fire elemental disappears in a puff of smoke!
You miss the vampire mosquito. The vampire mosquito bites you.
The vampire mosquito draws strength from your injuries!
The vampire mosquito barely misses you. The boulder beetle bites you!!
* * * LOW HITPOINT WARNING * * *
The vampire mosquito closely misses you.
The fire elemental completely misses you.
The boulder beetle bites you!
* * * LOW HITPOINT WARNING * * *
You are confused.
You feel invigorated. The fire elemental hits you.
The fire elemental burns you!
* * * LOW HITPOINT WARNING * * *
The vampire mosquito closely misses you.
The vampire mosquito misses you. The fire elemental closely misses you.
The boulder beetle bites you!
You die...

# #...#### #.. ## ## #...#
#○# .. ° .## #...#
##○###.##.. #.# #.§.#
#§§§......°
.#######.☼§#####y○#y......
##.....).○☼§§§*§D§#yy.....
.......))○§§§§§yyQ†e*y....
##.......§§§§§○yB##.##.##.
########...#####@# ☼○° #
#...# #§E○§☼§○○ # #...#
####§##§#.. # #...#
.○§.... # ####...# .#####.
#####.##...###### .#
..##...##.......# .#
##..............###.#
#..........!.......##


You could see a boulder beetle, an eight-headed hydra, a fire elemental
(summoned), a tengu conjurer (magic disrupted), 4 vampire mosquitoes and a
battlesphere.

Vanquished Creatures
  Louise (D:14)
  Nessos (D:12)
  The ghost of 00Nightcrawler the Fighter, a journeyman VSSh of Dithmenos (D:13)
  Harold (D:11)
  Erolcha (D:11)
  8 vault guards (D:13)
  3 boulder beetles
  5 centaur warriors
  2 tengu warriors (D:13)
  4 two-headed ogres
  Urug (D:13)
  Pikel (D:6)
  4 orc knights
  7 ugly things
  3 manticores
  3 meliai (D:14)
  2 cyclopes
  Maggie (D:7)
  An unseen horror (shapeshifter) (D:13)
  An unseen horror (D:13)
  6 kobold demonologists
  A tengu conjurer (D:14)
  An efreet (D:14)
  2 trolls
  Prince Ribbit (D:5)
  Grinder (D:4)
  A shadow (D:12)
  A vampire (D:9)
  2 wraiths
  A wyvern (D:9)
  Eustachio (D:4)
  9 yaks
  3 wargs
  3 steam dragons
  Menkaure (D:6)
  3 acid dragons
  2 water moccasins
  2 ice beasts
  18 orc warriors
  A sky beast (D:6)
  3 black bears
  2 wolves (D:9)
  4 ogres
  17 centaurs
  4 kobold brigands
  A lemure (D:6)
  3 bullfrogs
  Blork the orc (D:4)
  2 scorpions
  17 killer bees
  6 howler monkeys
  An electric eel (D:12)
  2 bombardier beetles
  2 hounds (D:5)
  Crazy Yiuf (D:5)
  18 orc priests
  9 iguanas
  11 orc wizards
  4 gnolls
  7 adders
  4 white imps
  2 ribbon worms
  4 dart slugs
  69 orcs
  11 endoplasms
  3 giant cockroaches
  8 goblins
  6 hobgoblins
  5 quokkas
  8 ball pythons
  8 bats
  4 frilled lizards
  27 kobolds
  4 rats
389 creatures vanquished.

Notes
Turn   | Place    | Note
-------+----------+-------------------------------------------
     0 | D:1      | ezpacito the Demonspawn Berserker began the quest for the
                  | Orb.
     0 | D:1      | Reached XP level 1. HP: 18/18 MP: 1/1
   111 | D:1      | Found Ceit's Jewellery Boutique.
   120 | D:1      | Reached skill level 3 in Axes
   120 | D:1      | Gained mutation: You may rarely emit foul miasma when
                  | damaged in melee. [demonic ancestry]
   120 | D:1      | Reached XP level 2. HP: 24/24 MP: 2/2
   900 | D:1      | Gained mutation: You have a pair of small horns on your
                  | head. [demonic ancestry]
   900 | D:1      | Reached XP level 3. HP: 22/29 MP: 3/3
  1188 | D:2      | Reached ** piety under Trog
  1441 | D:2      | Reached XP level 4. HP: 29/35 MP: 4/4
  1720 | D:3      | Found an opulent altar of Gozag.
  1823 | D:3      | Reached skill level 1 in Stealth
  1918 | D:3      | Gained mutation: You have a pair of horns on your head.
                  | [demonic ancestry]
  1918 | D:3      | Reached XP level 5. HP: 25/42 MP: 5/5
  2367 | D:3      | Got the Catalogue of the Gang
  2622 | D:4      | Reached *** piety under Trog
  2631 | D:4      | Reached skill level 4 in Axes
  2631 | D:4      | Reached skill level 1 in Unarmed Combat
  2763 | D:4      | Gained mutation: You have a somewhat thin skeletal
                  | structure. (Dex +2, Stealth+) [demonic ancestry]
  2763 | D:4      | Reached XP level 6. HP: 48/48 MP: 6/6
  3044 | D:4      | Reached skill level 1 in Throwing
  3072 | D:4      | Noticed Grinder
  3081 | D:4      | Paralysed by Grinder for 2 turns
  3083 | D:4      | Killed Grinder
  3084 | D:4      | Gained mutation: You have a moderately thin skeletal
                  | structure. (Dex +4, Stealth++) [demonic ancestry]
  3084 | D:4      | Reached XP level 7. HP: 32/54 MP: 7/7
  3246 | D:4      | Noticed Blork the orc
  3256 | D:4      | Killed Blork the orc
  3299 | D:4      | Noticed Eustachio
  3324 | D:4      | Killed Eustachio
  3325 | D:4      | Reached skill level 5 in Axes
  3347 | D:4      | Found a sacrificial altar of Ru.
  3540 | D:5      | Entered Level 5 of the Dungeon
  3553 | D:5      | Reached XP level 8. HP: 10/61 MP: 8/8
  4011 | D:5      | Noticed Prince Ribbit
  4026 | D:5      | Killed Prince Ribbit
  4387 | D:5      | Found a runed translucent door.
  4388 | D:5      | Noticed Crazy Yiuf
  4394 | D:5      | Killed Crazy Yiuf
  4395 | D:5      | Reached skill level 6 in Axes
  5231 | D:6      | Reached skill level 5 in Fighting
  5283 | D:6      | Found a staircase to the Ecumenical Temple.
  5286 | D:6      | Noticed Pikel
  5296 | D:6      | Killed Pikel
  5297 | D:6      | Reached skill level 5 in Armour
  5297 | D:6      | Reached XP level 9. HP: 68/68 MP: 9/9
  5326 | Temple   | Entered the Ecumenical Temple
  5418 | D:6      | Noticed Menkaure
  5426 | D:6      | Killed Menkaure
  5803 | D:7      | Reached skill level 7 in Axes
  5884 | D:7      | Noticed Maggie
  5891 | D:7      | Killed Maggie
  6103 | D:7      | Identified the +1 robe "Sarem" {Str+4}
  6173 | D:7      | Reached **** piety under Trog
  6693 | D:8      | Reached skill level 8 in Axes
  6696 | D:8      | Reached skill level 1 in Evocations
  6698 | D:8      | Reached XP level 10. HP: 50/76 MP: 10/10
  7214 | D:8      | Reached skill level 1 in Shapeshifting
  7392 | D:9      | Found a staircase to the Lair.
  7630 | D:9      | Noticed a two-headed ogre
  7635 | D:9      | Killed a two-headed ogre
  7860 | D:9      | Reached skill level 9 in Axes
  7862 | D:9      | Reached ***** piety under Trog
  8216 | D:10     | Entered Level 10 of the Dungeon
  8238 | D:10     | Noticed a two-headed ogre
  8243 | D:10     | Killed a two-headed ogre
  8344 | D:10     | Reached skill level 5 in Stealth
  8359 | D:10     | Reached XP level 11. HP: 70/83 MP: 11/11
  8645 | D:10     | Found a flagged portal.
  8662 | Bailey   | Entered a bailey
  8870 | Bailey   | Noticed an orc knight
  8870 | Bailey   | Noticed an orc knight
  8876 | Bailey   | Killed an orc knight
  8880 | Bailey   | Killed an orc knight
  9231 | D:10     | Found a shadowy altar of Dithmenos.
  9231 | D:10     | Found a sparkling altar of Nemelex Xobeh.
  9234 | D:10     | Found an ancient bone altar of Kikubaaqudgha.
  9239 | D:10     | Found a radiant altar of Vehumet.
  9239 | D:10     | Found an ornate altar of the Wu Jian Council.
  9246 | D:10     | Found a hazy altar of Hepliaklqana.
  9247 | D:10     | Found a basalt altar of Yredelemnul.
  9565 | D:11     | Noticed Harold
  9576 | D:11     | Killed Harold
  9577 | D:11     | Reached skill level 10 in Axes
  9577 | D:11     | Reached skill level 5 in Dodging
  9655 | D:11     | Noticed a boulder beetle
  9666 | D:11     | Killed a boulder beetle
  9759 | D:11     | Noticed a purple ugly thing
  9766 | D:11     | Killed a purple ugly thing
 10041 | D:11     | Noticed Erolcha
 10048 | D:11     | Killed Erolcha
 10293 | D:11     | Noticed a two-headed ogre
 10303 | D:11     | Killed a two-headed ogre
 10463 | D:11     | Reached skill level 5 in Unarmed Combat
 10615 | D:12     | Noticed a two-headed ogre
 10623 | D:12     | Noticed a soul eater
 10625 | D:12     | Killed a two-headed ogre
 10626 | D:12     | Reached skill level 5 in Throwing
 10672 | D:12     | Found a staircase to the Orcish Mines.
 10682 | D:12     | Received a gift from Trog
 10683 | D:12     | Gained mutation: You regenerate a little health from kills.
                  | [demonic ancestry]
 10683 | D:12     | Reached XP level 12. HP: 92/92 MP: 12/12
 10686 | D:12     | Noticed a boulder beetle
 10719 | D:12     | Killed a boulder beetle
 10765 | D:12     | Reached skill level 11 in Axes
 10889 | D:12     | Noticed Nessos
 10904 | D:12     | Killed Nessos
 10947 | D:12     | Found Mupn's Demolitions Depot.
 11275 | D:13     | Noticed a centaur warrior
 11283 | D:13     | Killed a centaur warrior
 11304 | D:13     | Noticed Urug
 11311 | D:13     | Killed Urug
 11383 | D:13     | Found a runed translucent door.
 11383 | D:13     | Noticed 00Nightcrawler's ghost (journeyman VSSh)
 11436 | D:13     | Found Koeplys's Distillery.
 11611 | D:13     | Noticed a tengu warrior
 11611 | D:13     | Noticed a tengu warrior
 11619 | D:13     | Killed a tengu warrior
 11635 | D:13     | Killed a tengu warrior
 11687 | D:13     | Received a gift from Trog
 11698 | D:13     | Reached skill level 12 in Axes
 11874 | D:13     | Found Uploifue's Assorted Antiques.
 11880 | D:13     | Bought a scroll labelled IDGHEKH NYVOEGE for 32 gold pieces
 11880 | D:13     | Bought a scroll of identify for 64 gold pieces
 11894 | D:13     | Found a gate to the Vaults.
 11894 | D:13     | Noticed a vault guard
 11894 | D:13     | Noticed a vault guard
 11894 | D:13     | Noticed a vault guard
 11895 | D:13     | Noticed a vault guard
 11895 | D:13     | Noticed a vault guard
 11895 | D:13     | Noticed a vault guard
 11895 | D:13     | Noticed a vault guard
 11895 | D:13     | Noticed a vault guard
 11903 | D:13     | Killed a vault guard
 11907 | D:13     | Killed a vault guard
 11915 | D:13     | Killed a vault guard
 11921 | D:13     | Killed a vault guard
 11922 | D:13     | Gained mutation: You sometimes emit foul miasma when
                  | damaged in melee. [demonic ancestry]
 11922 | D:13     | Reached XP level 13. HP: 57/97 MP: 4/13
 12517 | D:13     | Identified a scroll of acquirement
 12517 | D:13     | Acquired a +2 pair of gloves of dexterity
 12633 | D:13     | Reached skill level 5 in Evocations
 12711 | D:13     | Killed 00Nightcrawler's ghost
 12773 | D:14     | Noticed Louise
 12795 | D:14     | Killed Louise
 12970 | D:14     | Reached skill level 10 in Fighting
 13249 | D:14     | Reached skill level 13 in Axes
 13476 | D:14     | Slain by a boulder beetle

Illustrated notes

Levels and vault maps discovered:
D:1:      dpeg_arrival_water_temple_mockup, layout_basic, serial_shops,
          nicolae_shop_gaudy_bauble, serial_corexii_hall,
          chequers_hall_statues_y, corexii_hall_statues_l
D:2:      layout_rooms, minmay_fractal_squares_gapless_5
D:3:      layout_loops_ring, mainiacjoe_overflow_alcove_4
D:4:      layout_loops_ring, nicolae_ru_awakened_eye, uniq_blork_the_orc,
          uniq_grinder, uniq_eustachio
D:5:      layout_loops_ring, minmay_gold_behind_fungi, uniq_crazy_yiuf_cottage,
          uniq_prince_ribbit1
D:6:      layout_layer_cave, minmay_temple_entry_glass, uniq_menkaure,
          uniq_pikel
D:7:      layout_basic, uniq_maggie
D:8:      layout_basic, st_stairs_13
D:9:      layout_gridville, erik_lair_orcish_takeover, st_stairs_9,
          minmay_misc_feat_columns, grunt_decor_mini_mirrors,
          serial_bayou_crossing
D:10:     layout_cave_pods, nicolae_overflow_hallway_of_the_gods, enter_bailey_4
D:11:     layout_cave_pods, uniq_erolcha, uniq_harold
D:12:     layout_cave_pools, erik_orc_4, nicolae_blasting_shop,
          lightli_minifort, uniq_nessos
D:13:     layout_loops_corners, erik_vaults_2, serial_shops, shop,
          nicolae_shop_industrial_runoff, special_room [special_room_orc],
          gauntlet_entry_generic, hellmonk_ghost_happy_afterlife, uniq_urug
D:14:     layout_loops_cross, minmay_misc_feat_five, uniq_louise
Temple:   hellmonk_temple_forest_ring

Skill      XL: |  1  2  3  4  5  6  7  8  9 10 11 12 13 |
---------------+----------------------------------------+-----
Axes           | 3 4 5 6 8 9 10 12 13 | 13.1
Dodging        | 2 3 4 5 6 |  6.5
Armour         | 2 3 4 5 6 7 8 |  8.1
Stealth        | 1 2 3 4 5 6 7 |  7.0
Unarmed Combat | 1 2 3 4 5 6 |  6.3
Fighting       | 4 5 6 7 9 10 | 10.5
Throwing       | 1 2 3 4 5 |  5.8
Evocations     | 1 2 3 4 5 |  5.4
Shapeshifting  | 2 3 4 |  4.3

Action                     |  1- 3 |  4- 6 |  7- 9 | 10-12 | 13-15 || total
---------------------------+-------+-------+-------+-------+-------++-------
  Melee: Hand axe          |   102 |   114 |    44 |       |       ||   260
         Headbutt          |    10 |    16 |    45 |    81 |    32 ||   184
         Punch             |       |       |     1 |     7 |       ||     8
         War axe           |       |       |    90 |       |       ||    90
         Broad axe         |       |       |    35 |   247 |       ||   282
         Battleaxe         |       |       |       |   128 |   116 ||   244
 Invoke: Berserk           |     1 |     3 |     5 |    10 |     5 ||    24
    Use: Scroll            |     2 |     1 |     7 |    15 |    12 ||    37
         Potion            |       |     2 |       |    10 |     9 ||    21
   Stab: Invisible         |       |     1 |       |     6 |       ||     7
         Sleeping          |       |     1 |    10 |    11 |     2 ||    24
         Distracted        |       |       |       |     1 |       ||     1
 Armour: Animal skin       |    19 |       |       |       |       ||    19
         Ring mail         |    33 |    62 |     8 |       |       ||   103
         Chain mail        |       |       |    47 |       |       ||    47
         Scale mail        |       |       |    54 |   169 |       ||   223
         Acid dragon scale |       |       |       |   151 |   166 ||   317
         Skin              |       |       |       |     4 |       ||     4
  Dodge: Dodged            |    65 |   100 |   141 |   426 |   199 ||   931
